 Dungeon Crawl Stone Soup version 0.28-b1-1-g3c77fb2ed1 (webtiles) character file.

Game seed: 15719417496466058219

24766 McKennaii the Destroyer (level 12, -2/81 HPs)
             Began as a Demigod Conjurer on Jan 28, 2022.
             Shot with an arrow by a centaur warrior (6 damage)
             ... on level 13 of the Dungeon.
             The game lasted 00:37:29 (19030 turns).

McKennaii the Destroyer (Demigod Conjurer)         Turns: 19030, Time: 00:37:29

Health: -2/81      AC:  6    Str:  8    XL:     12   Next: 48%
Magic:  0/30       EV: 12    Int: 39    God:
Gold:   610        SH:  0    Dex: 12    Spells: 12/31 levels left

rFire   . . .      SeeInvis .   y - staff of conjuration
rCold   + . .      Faith    .   (no shield)
rNeg    . . .      Spirit   .   E - +1 robe of Sedarhext {rC+ Int+3}
rPois   .          Reflect  .   s - +0 helmet
rElec   .          Harm     .   i - +0 cloak
rCorr   .          Rampage  .   h - +0 pair of gloves
Will    ++...                   (no boots)
Stlth   ++........              (no amulet)
HPRegen 0.23/turn               B - ring of willpower
MPRegen 0.22/turn               (no ring)

@: brilliant
A: high mp 1, forlorn, divine attributes
a: no special abilities


You were on level 13 of the Dungeon.
You visited 1 branch of the dungeon, and saw 13 of its levels.
You also visited: Sewer and Ossuary.

You collected 1106 gold pieces.
You spent 496 gold pieces at shops.

Inventory:

Hand Weapons
 o - a +4 scimitar
Armour
 h - a +0 pair of gloves (worn)
 i - a +0 cloak (worn)
 s - a +0 helmet (worn)
 u - a +1 kite shield of protection
 E - the +1 robe of Sedarhext (worn) {rC+ Int+3}
   (You bought it in a shop on level 10 of the Dungeon)

   Int:       It affects your intelligence (+3).
   rC:        It protects you from cold.
Magical Staves
 a - a staff of fire
 y - a staff of conjuration (weapon)
Jewellery
 k - a ring of protection from cold
 B - a ring of willpower (left hand)
Wands
 j - a wand of polymorph (7)
 p - a wand of acid (3)
 G - a wand of digging (4)
Scrolls
 c - a scroll of blinking
 g - a scroll of fog
 l - 2 scrolls of amnesia
 q - 5 scrolls of magic mapping
 w - a scroll of fear
 x - 4 scrolls of identify
 A - a scroll of holy word
 F - a scroll of enchant weapon {unknown}
 H - a scroll of torment {unknown}
 I - a scroll of brand weapon {unknown}
Potions
 b - a potion of berserk rage
 f - a potion of attraction
 m - 2 potions of mutation
 n - a potion of brilliance
 t - 2 potions of cancellation
 z - a potion of haste
 C - a potion of lignification
 D - a potion of flight


   Skills:
 - Level 1.7 Dodging
 - Level 1.7 Stealth
 - Level 10.0 Spellcasting
 + Level 14.4 Conjurations
 - Level 10.0 Fire Magic


You had 12 spell levels left.
You knew the following spells:

 Your Spells              Type           Power      Damage    Failure   Level
a - Magic Dart            Conj           100%       1d8       0%          1
b - Searing Ray           Conj           100%       2d8       0%          2
c - Iskenderun's Mystic   Conj/Tloc      100%       2d19      1%          4
d - Fireball              Conj/Fire      65%        3d25      1%          5
e - Orb of Destruction    Conj           69%        9d16      4%          7

Your spell library contained the following spells:

 Spells                   Type           Power      Damage    Failure   Level
 Shock                    Conj/Air       100%       1d9       1%          1
 Scorch                   Fire           100%       2d10      1%          2
 Dazzling Flash           Conj/Hex       100%       N/A       1%          3
 Flame Wave               Conj/Fire      100%       2d17      1%          4
 Fulminant Prism          Conj/Hex       53%        3d23      1%          4
 Hailstorm                Conj/Ice       100%       3d20      1%          4
 Starburst                Conj/Fire      65%        6d17      1%          6
 Call Canine Familiar     Summ           29%        N/A       5%          3
 Portal Projectile        Hex/Tloc       58%        N/A       5%          3
 Summon Guardian Golem    Hex/Summ       29%        N/A       5%          3
 Swiftness                Air            29%        N/A       5%          3
 Airstrike                Air            14%        N/A       19%         4
 Ice Form                 Ice/Tmut       29%        N/A       19%         4
 Leda's Liquefaction      Hex/Erth       14%        N/A       19%         4
 Blade Hands              Tmut           14%        N/A       45%         5
 Excruciating Wounds      Necr           14%        N/A       45%         5
 Spellforged Servitor     Conj/Summ      53%        N/A       63%         7
 Ignition                 Fire           49%        3d14      90%         8
 Simulacrum               Ice/Necr       14%        N/A       96%         6
 Summon Cactus Giant      Summ           14%        N/A       96%         6


Dungeon Overview and Level Annotations

Branches:
Dungeon (12/15)            Temple (0/1) D:7            Lair (0/6) D:11
    Orc (0/2) D:11          Sewer (visited)         Ossuary (visited)

Shops:
D:7 ?   D:10 [

Portals:
Trove: D:12 (give 13 scrolls of teleportation)


Innate Abilities, Weirdness & Mutations

You have an increased reservoir of magic. (+10% MP)
You shall have no god before yourself.
Your divine heritage dramatically boosts your attributes as you level up.


Message History

Unknown command.
Unknown command.
Casting: Fireball (mildly dangerous; 1% risk of failure)
Confirm with . or Enter, or press ? or * to list all spells.
Aiming: Searing Ray (safe; 0% risk of failure)
Press: ? - help, Shift-Dir - straight line, f/p - centaur warrior
Aim: a centaur warrior, wielding a +0 shortbow, wearing a +6 ring of intelligence and quivering arrows (heavily wounded, 87% to hit)
Okay, then.
The centaur warrior shoots an arrow.
The arrow hits you!!
The centaur warrior shoots an arrow.
The arrow hits you!!
* * * LOW HITPOINT WARNING * * *
You feel better.
The centaur warrior shoots an arrow.
The arrow hits you.
* * * LOW HITPOINT WARNING * * *
You feel better.
The centaur warrior shoots an arrow.
The arrow hits you!
* * * LOW HITPOINT WARNING * * *
Unknown command.
Unknown command.
You feel better.
The centaur warrior shoots an arrow.
The arrow hits you!
* * * LOW HITPOINT WARNING * * *
Unknown command.
You feel better.
The centaur warrior shoots an arrow.
The arrow hits you!!
* * * LOW HITPOINT WARNING * * *
Okay, then.
Casting: Searing Ray (safe; 0% risk of failure)
Confirm with . or Enter, or press ? or * to list all spells.
You don't have enough magic to cast this spell.
Casting: Searing Ray (safe; 0% risk of failure)
Confirm with . or Enter, or press ? or * to list all spells.
Aiming: Searing Ray (safe; 0% risk of failure)
Press: ? - help, Shift-Dir - straight line, f/p - centaur warrior
Aim: a centaur warrior, wielding a +0 shortbow, wearing a +6 ring of intelligence and quivering arrows (moderately wounded, 87% to hit)
You feel a strong surge of power!
The searing ray hits the centaur warrior.
The centaur warrior is heavily wounded. (Press . to maintain the ray.) Unknown command.
The searing ray hits the centaur warrior!
The centaur warrior is severely wounded.
The centaur warrior shoots an arrow.
The arrow hits you.
You die...

.... .###..)..#.#
#... ...####.[#.#
#.. ....c.##D#.#
#.c .......)...#
#.# ##########.#
#.# #.# #.# #c# #.#
#)# #†# #@# #†#
#####.## #.#
##......## #.#
####..###...# #.#
#...........#
#.#####.########..#
#.......#....#.#..#
#######.#....#[#..#
#.#......#..#


You could see a centaur warrior.

Vanquished Creatures
  3 boulder beetles
  A hydra (D:13)
  6 centaur warriors (D:13)
  A death knight (D:13)
  3 two-headed ogres
  A skeletal warrior (D:13)
  A deep elf pyromancer (D:13)
  A necromancer (D:13)
  An ugly thing (D:11)
  2 manticores
  3 cyclopes
  A cane toad (shapeshifter) (D:13)
  A gargoyle (D:12)
  A kobold demonologist (D:10)
  3 komodo dragons
  4 trolls
  3 hornets
  5 wraiths
  9 yaks (D:10)
  2 shadows (D:13)
  3 vampire mosquitoes (D:13)
  A basilisk (D:13)
  5 steam dragons
  2 acid dragons (D:11)
  3 water moccasins
  7 orc warriors
  3 black bears
  5 necrophages
  8 centaurs
  5 kobold brigands
  5 bullfrogs
  A gnoll sergeant (D:8)
  7 scorpions
  A water moccasin zombie (D:6)
  A water moccasin skeleton (D:6)
  19 killer bees
  4 wights
  7 centaur zombies
  4 hounds
  A jelly (D:7)
  A human zombie (D:6)
  5 orc priests
  2 bullfrog zombies (D:6)
  A centaur skeleton (D:6)
  Jessica (D:2)
  3 iguanas
  Terence (D:2)
  7 orc wizards
  2 polar bear simulacra (D:13)
  A yak simulacrum (D:13)
  2 killer bee zombies
  2 wolf simulacra (D:13)
  2 hound zombies (D:5)
  A hound skeleton (D:4)
  6 mummies
  2 howler monkey zombies (D:5)
  6 gnolls
  6 adders
  A shadow imp (D:8)
  An ufetubus (D:7)
  A dart slug (D:2)
  24 orcs
  4 endoplasms
  3 giant cockroaches
  4 gnoll zombies (Ossuary)
  5 goblins
  3 hobgoblins
  5 jackals
  2 quokkas
  8 ball pythons
  8 bats
  A goblin zombie (Ossuary)
  3 hobgoblin zombies (Ossuary)
  27 kobolds
  3 orc zombies (Ossuary)
  9 rats
  6 river rat simulacra (D:13)
313 creatures vanquished.

Vanquished Creatures (others)
  A butterfly (D:10)
  17 fungi (D:11)
  16 plants (D:11)
34 creatures vanquished.

Grand Total: 347 creatures vanquished

Notes
Turn   | Place    | Note
-------+----------+-------------------------------------------
     0 | D:1      | McKennaii the Demigod Conjurer began the quest for the Orb.
     0 | D:1      | Reached XP level 1. HP: 14/14 MP: 5/5
   419 | D:1      | Reached XP level 2. HP: 20/20 MP: 5/7
   683 | D:1      | Reached skill level 4 in Conjurations
  1045 | D:2      | Noticed Terence
  1179 | D:1      | Learned a level 2 spell: Searing Ray
  1429 | D:1      | Reached XP level 3. HP: 10/26 MP: 1/9
  1952 | D:2      | Noticed Jessica
  1954 | D:2      | Killed Jessica
  1955 | D:2      | Reached XP level 4. HP: 28/33 MP: 6/11
  2092 | D:2      | Learned a level 4 spell: Iskenderun's Mystic Blast
  2229 | D:2      | Killed Terence
  2812 | D:3      | Reached XP level 5. HP: 38/38 MP: 9/13
  2939 | D:3      | Reached skill level 5 in Conjurations
  3853 | D:4      | Reached XP level 6. HP: 45/45 MP: 8/15
  3859 | D:4      | Learned a level 5 spell: Fireball
  4364 | D:4      | Reached skill level 1 in Fire Magic
  4854 | D:5      | Entered Level 5 of the Dungeon
  4915 | D:5      | Found a sand-covered staircase.
  4957 | Ossuary  | Entered an ossuary
  5000 | Ossuary  | Reached skill level 6 in Conjurations
  5003 | Ossuary  | Reached XP level 7. HP: 37/50 MP: 7/17
  5281 | D:5      | Reached skill level 5 in Spellcasting
  5346 | D:5      | Found a glowing drain.
  5431 | Sewer    | Entered a sewer
  5669 | Sewer    | Reached XP level 8. HP: 50/57 MP: 10/19
  6610 | D:6      | Reached skill level 7 in Conjurations
  6910 | D:6      | Noticed a boulder beetle
  7148 | D:6      | Reached skill level 5 in Fire Magic
  7452 | D:7      | Reached skill level 8 in Conjurations
  7482 | D:7      | Found a staircase to the Ecumenical Temple.
  7748 | D:7      | Reached XP level 9. HP: 52/62 MP: 14/21
  8354 | D:7      | Found Fikheron's Magic Scroll Shop.
  8397 | D:7      | Bought a scroll of blinking for 82 gold pieces
  8397 | D:7      | Bought a scroll of fear for 38 gold pieces
  8397 | D:7      | Bought a scroll of identify for 22 gold pieces
  8397 | D:7      | Bought a scroll of identify for 22 gold pieces
  8397 | D:7      | Bought a scroll of identify for 22 gold pieces
  8397 | D:7      | Bought a scroll of magic mapping for 38 gold pieces
  8397 | D:7      | Bought a scroll of magic mapping for 38 gold pieces
  8397 | D:7      | Bought a scroll of noise for 11 gold pieces
  8732 | D:7      | Reached skill level 9 in Conjurations
 11555 | D:9      | Reached XP level 10. HP: 69/69 MP: 17/22
 11563 | D:9      | Reached skill level 10 in Conjurations
 11796 | D:9      | Noticed a two-headed ogre
 11813 | D:9      | Killed a two-headed ogre
 12146 | D:9      | Paralysed by a hornet for 3 turns
 13085 | D:9      | Reached skill level 10 in Fire Magic
 13510 | D:6      | Killed a boulder beetle
 13930 | D:10     | Entered Level 10 of the Dungeon
 14466 | D:10     | Found Qobalorgh's Antique Armour Shop.
 14472 | D:10     | Bought a brightly glowing robe for 96 gold pieces
 14472 | D:10     | Identified the +1 robe of Sedarhext {rC+ Int+3} (You bought
                  | it in a shop on level 10 of the Dungeon)
 14485 | D:10     | Bought a runed kite shield for 127 gold pieces
 14559 | D:10     | Noticed a cyclops
 14566 | D:10     | Killed a cyclops
 14574 | D:10     | Noticed a sun demon
 14743 | D:10     | Reached XP level 11. HP: 74/74 MP: 7/27
 15047 | D:10     | Identified a scroll of acquirement
 15051 | D:10     | Acquired a staff of conjuration
 15465 | D:10     | Noticed a two-headed ogre
 15468 | D:10     | Killed a two-headed ogre
 15709 | D:11     | Found a staircase to the Orcish Mines.
 16309 | D:11     | Reached skill level 10 in Spellcasting
 16772 | D:11     | Found a staircase to the Lair.
 17151 | D:11     | Noticed a two-headed ogre
 17155 | D:11     | Killed a two-headed ogre
 17337 | D:12     | Learned a level 7 spell: Orb of Destruction
 17572 | D:12     | Found a portal to a secret trove of treasure.
 17590 | D:12     | Reached skill level 11 in Conjurations
 17896 | D:12     | You fall into a shaft and drop 1 floor!
 17896 | D:13     | Noticed a deep elf pyromancer
 17900 | D:13     | Killed a deep elf pyromancer
 17902 | D:13     | Noticed a centaur warrior
 17903 | D:13     | Noticed a centaur warrior
 17904 | D:13     | Killed a centaur warrior
 17905 | D:13     | Noticed a centaur warrior
 18042 | D:13     | Noticed a necromancer
 18046 | D:13     | Killed a necromancer
 18139 | D:13     | Reached skill level 12 in Conjurations
 18291 | D:13     | Noticed a centaur warrior
 18357 | D:13     | Noticed a death knight
 18358 | D:13     | Noticed a centaur warrior
 18358 | D:13     | Noticed a skeletal warrior
 18360 | D:13     | Killed a centaur warrior
 18363 | D:13     | Killed a death knight
 18363 | D:13     | Killed a skeletal warrior
 18364 | D:13     | Reached XP level 12. HP: 70/81 MP: 5/30
 18372 | D:13     | Noticed a boulder beetle
 18374 | D:13     | Killed a centaur warrior
 18374 | D:13     | Noticed a centaur warrior
 18378 | D:13     | Reached skill level 13 in Conjurations
 18379 | D:13     | Noticed a five-headed hydra
 18382 | D:13     | Killed a centaur warrior
 18733 | D:13     | Noticed a boulder beetle
 18743 | D:13     | Killed a boulder beetle
 18871 | D:13     | Killed a boulder beetle
 18898 | D:13     | Noticed a centaur warrior
 18904 | D:13     | Killed a centaur warrior
 18917 | D:13     | Reached skill level 14 in Conjurations
 18922 | D:13     | Noticed a centaur warrior
 18924 | D:13     | Killed a centaur warrior
 18974 | D:13     | Noticed a centaur warrior
 19023 | D:13     | Killed a five-headed hydra
 19028 | D:13     | HP: 4/81 [centaur warrior/arrow (18)]
 19030 | D:13     | Shot with an arrow by a centaur warrior

Illustrated notes

Levels and vault maps discovered:
D:1:      lemuel_arrival_river_ford, layout_rooms, minivault_26, minmay_tripent
D:2:      layout_basic, uniq_terence, uniq_jessica
D:3:      layout_basic, fedhas_altar_1, minmay_stone_trees_small
D:4:      layout_basic
D:5:      layout_basic, portal_sewer_entry_a, gup_ossuary_entry_pyramid,
          grunt_decor_arrowhead
D:6:      layout_basic, lemuel_mausoleum_altar_kikubaaqudgha
D:7:      layout_basic, nicolae_hepliaklqana_hippocampus,
          minmay_temple_entry_glassed_door, serial_shops, shop
D:8:      kennysheep_spiral_hall, layout_loops_ring, tso_altar,
          nicolae_dithmenos_through_a_glass_darkly, kennysheep_generic_room_4
D:9:      layout_long_grid, mainiacjoe_overflow_boulevard
D:10:     layout_irregular_city, nicolae_elyvilon_peaceful_grove,
          pdpol_wu_jian_five_deadly_venoms, gammafunk_temple_overflow_pools,
          serial_shops, shop_fountains
D:11:     layout_basic, grunt_lair_entry_orc_guard_hut, orc_0_dummy
D:12:     layout_long_grid, nicolae_trove_entry_isolated, minivault_22,
          minmay_misc_feat_ornament, uniq_josephine
D:13:     minmay_quarter_circles, layout_basic, eino_house_with_fridge,
          uniq_sonja

Skill      XL: |  1  2  3  4  5  6  7  8  9 10 11 12 |
---------------+-------------------------------------+-----
Spellcasting   | 2 3 4 5 6 8 10 | 10.0
Conjurations   | 4 5 6 8 9 10 12 14 | 14.4
Fire Magic     | 2 3 5 8 10 | 10.0
Dodging        | |  1.7
Stealth        | |  1.7

Action                   |  1- 3 |  4- 6 |  7- 9 | 10-12 || total
-------------------------+-------+-------+-------+-------++-------
Melee: Unarmed           |    11 |       |       |       ||    11
       Staff             |       |     7 |     3 |    12 ||    22
       Punch             |       |       |       |     1 ||     1
 Cast: Magic Dart        |    53 |   103 |   156 |    64 ||   376
       Searing Ray       |     4 |    12 |    78 |    51 ||   145
       Iskenderun's Myst |       |       |     9 |    47 ||    56
       Fireball          |       |       |       |    67 ||    67
Evoke: Wand              |       |       |       |    11 ||    11
  Use: Potion            |       |     4 |       |    12 ||    16
       Scroll            |       |     7 |     5 |    11 ||    23
Armor: Robe              |     3 |    16 |    32 |    13 ||    64
       Steam dragon scal |       |       |    16 |    10 ||    26
Dodge: Dodged            |    12 |    20 |    85 |    79 ||   196
